 Dungeon Crawl Stone Soup version 0.17.0-28-g6e173f8 (console) character file.

518 Kloppie the Poker (level 7, -2/56 HPs)
             Began as a Merfolk Gladiator on Dec 1, 2015.
             Slain by an unseen horror (6 damage)
             ... on level 5 of the Dungeon.
             The game lasted 00:07:53 (4775 turns).

Kloppie the Poker (Merfolk Gladiator)               Turns: 4775, Time: 00:07:53

Health: -2/56      AC:  8    Str: 15    XL:     7   Next: 21%
Magic:  7/7        EV: 14    Int:  8    God:
Gold:   261        SH:  0    Dex: 16    Spells: 0 memorised, 6 levels left

rFire  . . .     SeeInvis .     C - +0 halberd
rCold  . . .     Clarity  .     n - +0 ring mail
rNeg   . . .     SustAt   .     (shield currently unavailable)
rPois  .         Gourm    .     c - +0 helmet
rElec  .         Spirit   .     (no cloak)
rCorr  .         Warding  .     i - +0 pair of gloves
rMut   .         Stasis   .     r - +0 pair of boots
MR     .....                    y - amulet of regeneration
Stlth  +.........               (no ring)
                                (no ring)

@: not resistant to hostile enchantments, very unstealthy
A: change form in water, swift swim
a: no special abilities


You were on level 5 of the Dungeon.
You were not hungry.

You visited 1 branch of the dungeon, and saw 5 of its levels.

You collected 261 gold pieces.

Inventory:

Hand Weapons
 a - a +0 trident
 C - a +0 halberd (weapon)
Missiles
 d - 3 throwing nets (quivered)
Armour
 b - a +0 leather armour
 c - a +0 helmet (worn)
 i - a +0 pair of gloves (worn)
 n - a +0 ring mail (worn)
 r - a +0 pair of boots (worn)
Jewellery
 u - an uncursed amulet of resist corrosion
 y - an amulet of regeneration (around neck)
 I - a cursed ring of teleportation {unknown}
Wands
 F - a wand of paralysis (7)
Scrolls
 h - 6 scrolls of remove curse {unknown}
 j - a scroll of enchant armour {unknown}
 k - 4 scrolls of identify {unknown}
 l - 3 scrolls of teleportation {unknown}
 m - 2 scrolls of enchant weapon {unknown}
 p - 4 scrolls of amnesia {unknown}
 v - a scroll of noise {unknown}
 w - a scroll of magic mapping {unknown}
 A - a scroll of random uselessness {unknown}
 E - a scroll of recharging {unknown}
Potions
 f - a potion of brilliance {unknown}
 g - a potion of might {unknown}
 o - a potion of heal wounds {unknown}
 s - a potion of lignification {unknown}
 t - 2 potions of degeneration {unknown}
 x - a potion of cancellation {unknown}
 z - a potion of mutation {unknown}
 D - a potion of poison {unknown}
 G - a potion of curing {unknown}
 H - a potion of magic {unknown}
Books
 B - a book of Necromancy

   Spells                             Type                      Level
   a - Pain                           Necromancy                   1
   b - Animate Skeleton               Necromancy                   1
   c - Vampiric Draining              Necromancy                   3
   d - Regeneration                   Charms/Necromancy            3
   e - Animate Dead                   Necromancy                   4
   f - Control Undead                 Necromancy                   4
Comestibles
 e - 4 bread rations
 q - a slice of pizza


   Skills:
 - Level 5.0 Fighting
 + Level 7.7 Polearms
 - Level 2.0 Throwing
 + Level 0.0 Armour
 - Level 6.8 Dodging


You had 6 spell levels left.
You didn't know any spells.

Dungeon Overview and Level Annotations

Branches:
Dungeon (5/15)
 Temple: D:4-7

Altars:
Gozag
Qazlal

Shops:
D:4 *   D:5 %

Annotations:
D:5 1 exclusion


Message History

Something barely misses you. Something hits you.
* * * LOW HITPOINT WARNING * * *
Something hits you!
* * * LOW HITPOINT WARNING * * *
As you open the door, it creaks loudly! Something hits you but does no damage.
Something hits you.
* * * LOW HITPOINT WARNING * * *
The adder skeleton misses you. Something barely misses you. Something hits you.
* * * LOW HITPOINT WARNING * * *
Found a stone staircase leading up.
There is an open door here.
Something completely misses you.
Drink which item? (? for menu, Esc to quit)
Okay, then.
Something hits you but does no damage. Something barely misses you.
Something hits you.
You die...

#.......#
#.......#....#
#.......#....#
#.......#....#
#.......#....#
#.......#.<..#....#
#.......#....#....#
#.......#....#....#
#.......#..@.#....#
#.......#....#....#
#.......#....#....#
#.......#...Z#....#
#.......#....'....#
#.......#....#....##+#.
#.......#....#.........
#.......#....#.........
#.......#....#.........


You could see an adder skeleton.

Vanquished Creatures
  An ogre (D:2)
  A scorpion (D:4)
  An orc priest (D:4)
  3 orc wizards (D:4)
  4 worker ants (D:4)
  Robin (D:3)
  3 adders
  3 gnolls (D:4)
  3 oozes
  4 worms (D:2)
  A giant gecko (D:4)
  9 orcs
  7 giant cockroaches
  14 goblins
  19 hobgoblins
  7 kobolds
  3 quokkas
  3 ball pythons
  8 bats
  A giant newt (D:4)
  A jackal skeleton (D:5)
  6 rats
103 creatures vanquished.

Vanquished Creatures (others)
  An orc (D:4)
1 creature vanquished.

Grand Total: 104 creatures vanquished

Notes
Turn   | Place    | Note
--------------------------------------------------------------
     0 | D:1      | Kloppie the Merfolk Gladiator began the quest for the Orb.
     0 | D:1      | Reached XP level 1. HP: 16/16 MP: 1/1
    58 | D:1      | Reached XP level 2. HP: 16/23 MP: 2/2
   598 | D:1      | Reached skill level 5 in Polearms
   767 | D:1      | Reached XP level 3. HP: 28/28 MP: 3/3
  1196 | D:2      | Found a faded altar to an unknown god.
  1243 | D:2      | Reached XP level 4. HP: 14/35 MP: 4/4
  1792 | D:2      | Found an opulent altar of Gozag.
  1799 | D:2      | Reached skill level 5 in Dodging
  1858 | D:2      | Found a stormy altar of Qazlal.
  2202 | D:3      | Noticed Robin
  2464 | D:3      | Reached skill level 6 in Polearms
  2659 | D:3      | Killed Robin
  2661 | D:3      | Reached XP level 5. HP: 41/41 MP: 5/5
  2732 | D:3      | Noticed an ogre
  2757 | D:2      | Killed an ogre
  3555 | D:4      | Reached skill level 7 in Polearms
  3555 | D:4      | Reached XP level 6. HP: 48/48 MP: 6/6
  4041 | D:4      | Reached XP level 7. HP: 31/55 MP: 7/7
  4191 | D:4      | Found an opulent altar of Gozag.
  4193 | D:4      | Found Gozag's Platinum Reserve.
  4338 | D:4      | Reached skill level 5 in Fighting
  4495 | D:5      | Entered Level 5 of the Dungeon
  4582 | D:5      | Found Xuupol's Food Boutique.
  4771 | D:5      | HP: 2/56 [something (4)]
  4775 | D:5      | Slain by an unseen horror

Action                   |  1- 3 |  4- 6 |  7- 9 || total
-------------------------+-------+-------+-------++-------
Melee: Trident           |   129 |   207 |       ||   336
       Halberd           |       |    31 |    68 ||    99
 Stab: Sleeping          |     1 |       |       ||     1
  Eat: Chunk             |     1 |     9 |     3 ||    13
